 Dungeon Sprint DCSS version 0.15-a0-1619-g29500c9 (webtiles) character file.

10160 PolkaDot the Executioner (level 11, -9/115 HPs)
             Began as a Hill Orc Fighter on June 20, 2014.
             Was the Champion of Beogh.
             Killed by divine providence
             ... invoked by an orc high priest
              (14 damage)
             ... in the Dungeon (Sprint IX: "|||||||||||||||||||||||||||||").
             The game lasted 00:15:39 (2832 turns).

PolkaDot the Executioner (Hill Orc Fighter)         Turns: 2832, Time: 00:15:43

HP  -9/115       AC 27     Str 25      XL: 11   Next: 57%
MP  11/11        EV  9     Int  8      God: Beogh [******]
Gold 1060        SH  0     Dex 13      Spells:  0 memorised, 10 levels left

rFire  . . .     SeeInvis +     w - +0 battleaxe (curse)
rCold  . . .     Clarity  .     j - +0 plate armour
rNeg   . . .     rCorr    .     (no shield)
rPois  .         rRot     .     h - +2 hat {SInv}
rElec  .         Spirit   .     (no cloak)
SustAb .         Warding  .     B - +0 pair of gloves
rMut   .         NoTele   +     s - +0 pair of boots
Gourm  .                        (no amulet)
MR     .....                    u - +2 ring of evasion
                                b - +2 ring of protection

@: mighty, not resistant to hostile enchantments, extremely unstealthy
A: walk on water
a: Smiting, Recall Orcish Followers, Give Item to Follower, Renounce Religion


You were in the Dungeon.
You worshipped Beogh.
Beogh was exalted by your worship.
You were not hungry.

You visited 1 branch You collected 1060 gold pieces.

Inventory:

Hand weapons
 w - a cursed +0 battleaxe (weapon)
Armour
 h - a +2 hat of see invisible (worn)
 j - a +0 plate armour (worn)
 s - a +0 pair of boots (worn)
 B - a +0 pair of gloves (worn)
Magical devices
 q - a wand of draining (7)
Comestibles
 d - 14 meat rations
 z - 40 fruits
 A - 11 bread rations
Scrolls
 k - 2 scrolls of blinking
 m - a scroll of identify
 n - 4 scrolls of enchant armour
 o - 4 scrolls of remove curse
 p - 2 scrolls of amnesia
 v - a scroll of fear
Jewellery
 b - a +2 ring of protection (left hand)
 l - a +4 ring of intelligence
 u - a +2 ring of evasion (right hand)
Potions
 e - a potion of might
 f - 4 potions of curing
 i - 4 potions of magic


   Skills:
 * Level 16.5 Fighting
 + Level 23.0 Axes
 + Level 15.2 Armour
   Level 3.2 Shields


You had 10 spell levels left.
You didn't know any spells.

Dungeon Overview and Level Annotations

Branches:
Dungeon (1/1)

Altars:
Cheibriados
Dithmenos
Elyvilon
Fedhas
Gozag
Kikubaaqudgha
Makhleb
Nemelex Xobeh
Okawaru
Qazlal
Sif Muna
Trog
Vehumet
Xom
Yredelemnul
Zin
The Shining One
Beogh
Jiyva
Lugonu

Shops:
D (?((


Message History

* * * LOW HITPOINT WARNING * * *
The ynoxinul gestures.
The orc high priest prays to Beogh.
Your orc priest calls upon Beogh to heal your orc warrior.
Your orc warrior is healed somewhat.
You slice the orc high priest!!
The orc high priest falls to its knees.
It shouts, "I'll follow you!
Let me live!"
Your orc high priest is almost dead.
Your orc priest calls upon Beogh to heal your orc warrior.
Your orc warrior's wounds heal themselves!
The ufetubus closely misses your orc high priest.
The ufetubus hits your orc high priest.
You swap places.
Your orc high priest prays to Beogh.
The ufetubus hits you.
* * * LOW HITPOINT WARNING * * *
The ufetubus hits you but does no damage.
The orc high priest invokes the aid of Beogh against you.
Something smites you!
You die...

▓.▓.▓.▓.▓)▓
▓.▓.▓'▓.▓$▓
▓|▓.▓.▓.▓o▓
▓)▓.▓.▓.▓o▓
▓.▓.▓.▓.▓o▓
▓[▓.▓.▓.▓o▓
▓[▓.▓.▓.▓o▓
▓.▓.▓.▓.▓o▓
▓.▓.▓.▓.▓@▓
▓(▓.▓.▓.▓5▓
▓.▓.▓.▓.▓3▓
▓)▓.▓.▓.▓3▓
▓.▓.▓(▓.▓o▓
▓.▓.▓(▓.▓4▓
▓.▓.▓'▓.▓o▓
▓.▓.▓.▓.▓4▓
▓'▓.▓.▓.▓3▓


You could see a soul eater, an ice devil, 2 orc high priests, an orange demon, a
hellwing, a ynoxinul, an ufetubus, a friendly orc high priest, 3 friendly orc
warriors and 2 friendly orc priests.

Vanquished Creatures
  Gastronok (D)
  Harold (D)
  5 orc high priests (D)
  2 hill giants (D)
  A griffon (D)
  2 orc knights (D)
  An elephant (D)
  An iron devil (D)
  A blue devil (D)
  A red devil (D)
  A ynoxinul (D)
  2 yaks (D)
  A warg (D)
  A hippogriff (D)
  2 porcupines (D)
  A water moccasin (D)
  4 wolves (D)
  3 hell hounds (D)
  3 orc warriors (D)
  An ice beast (D)
  A boring beetle (D)
  A centaur (D)
  2 giant frogs (D)
  A crocodile (D)
  2 hounds (D)
  2 crimson imps (D)
  A jelly (D)
  2 iguanas (D)
  2 orc priests (D)
  An orc wizard (D)
  A worker ant (D)
  A green rat (D)
  2 shadow imps (D)
  An adder zombie (D)
  A giant gecko (D)
  An ooze (D)
  A giant cockroach (D)
  A goblin (D)
  A hobgoblin (D)
  2 quokkas (D)
  A goblin skeleton (D)
  A kobold (D)
  A rat (D)
65 creatures vanquished.

Vanquished Creatures (collateral kills)
  An orc high priest (D)
  An ice devil (D)
  An orc sorcerer (D)
  2 orc warriors (D)
  A white imp (D)
  2 orcs (D)
8 creatures vanquished.

Vanquished Creatures (others)
  3 orc warriors (D)
  4 orc priests (D)
  A shadow imp (D)
  4 orcs (D)
12 creatures vanquished.

Grand Total: 85 creatures vanquished

Notes
Turn   | Place    | Note
--------------------------------------------------------------
     0 | D        | PolkaDot, the Hill Orc Fighter, began the quest for the Orb.
     0 | D        | Reached XP level 1. HP: 19/19 MP: 1/1
     9 | D        | Reached skill level 4 in Fighting
    21 | D        | Reached XP level 2. HP: 16/27 MP: 2/2
   155 | D        | Noticed a hound
   155 | D        | Noticed an orc priest
   157 | D        | Killed a hound
   157 | D        | Reached skill level 5 in Fighting
   157 | D        | Reached skill level 6 in Axes
   157 | D        | Reached XP level 3. HP: 33/36 MP: 3/3
   158 | D        | Became a worshipper of Beogh the Brigand
   167 | D        | Reached skill level 5 in Armour
   254 | D        | Found a glowing silver altar of Zin.
   254 | D        | Found a glowing golden altar of the Shining One.
   254 | D        | Found an ancient bone altar of Kikubaaqudgha.
   254 | D        | Found a basalt altar of Yredelemnul.
   254 | D        | Found a shimmering altar of Xom.
   254 | D        | Found a radiant altar of Vehumet.
   254 | D        | Found an iron altar of Okawaru.
   255 | D        | Found a burning altar of Makhleb.
   256 | D        | Found a deep blue altar of Sif Muna.
   257 | D        | Found a bloodstained altar of Trog.
   258 | D        | Found a sparkling altar of Nemelex Xobeh.
   259 | D        | Found a white marble altar of Elyvilon.
   260 | D        | Found a roughly hewn altar of Beogh.
   261 | D        | Found a viscous altar of Jiyva.
   262 | D        | Found a corrupted altar of Lugonu.
   263 | D        | Found a blossoming altar of Fedhas.
   264 | D        | Found a snail-covered altar of Cheibriados.
   265 | D        | Found a shadowy altar of Dithmenos.
   266 | D        | Found a stormy altar of Qazlal.
   267 | D        | Found an opulent altar of Gozag.
   314 | D        | Noticed a crimson imp
   314 | D        | Noticed a jelly
   314 | D        | Noticed a centaur
   314 | D        | Noticed a crimson imp
   319 | D        | Killed a crimson imp
   319 | D        | Acquired Beogh's first power
   319 | D        | Reached skill level 8 in Axes
   319 | D        | Reached XP level 4. HP: 28/44 MP: 4/4
   320 | D        | Killed a jelly
   320 | D        | Reached skill level 9 in Axes
   326 | D        | Killed a centaur
   326 | D        | Reached skill level 10 in Axes
   326 | D        | Reached XP level 5. HP: 24/52 MP: 5/5
   330 | D        | Acquired Beogh's second power
   347 | D        | Killed a crimson imp
   347 | D        | Reached skill level 11 in Axes
   347 | D        | Reached XP level 6. HP: 27/61 MP: 6/6
   521 | D        | Noticed an ice beast
   521 | D        | Noticed a worker ant
   521 | D        | Noticed a hill giant
   521 | D        | Noticed a hill giant
   536 | D        | Killed an ice beast
   536 | D        | Acquired Beogh's third power
   536 | D        | Reached skill level 12 in Axes
   541 | D        | Killed a worker ant
   551 | D        | Killed a hill giant
   551 | D        | Acquired Beogh's fourth power
   551 | D        | Reached skill level 10 in Fighting
   551 | D        | Reached skill level 15 in Axes
   551 | D        | Reached XP level 7. HP: 63/73 MP: 7/7
   557 | D        | Killed a hill giant
   557 | D        | Reached skill level 16 in Axes
   557 | D        | Reached skill level 10 in Armour
   557 | D        | Reached XP level 8. HP: 44/82 MP: 8/8
   853 | D        | Identified the Papyrus of Moulding (You found it in the Dungeon)
   867 | D        | Noticed a porcupine
   867 | D        | Noticed a crocodile
   867 | D        | Noticed an iguana
   867 | D        | Noticed a hound
   868 | D        | Noticed a porcupine
   870 | D        | Killed a porcupine
   872 | D        | Killed a crocodile
   875 | D        | Killed an iguana
   883 | D        | Killed a hound
   883 | D        | Acquired Beogh's fifth power
   885 | D        | Killed a porcupine
   886 | D        | Noticed a giant frog
   904 | D        | Killed a giant frog
   904 | D        | Reached skill level 17 in Axes
   904 | D        | Reached XP level 9. HP: 67/90 MP: 9/9
  1009 | D        | Noticed a hippogriff
  1009 | D        | Noticed an iguana
  1009 | D        | Noticed a yak
  1009 | D        | Noticed a yak
  1009 | D        | Noticed a griffon
  1009 | D        | Noticed a giant frog
  1009 | D        | Noticed an elephant
  1013 | D        | Killed a hippogriff
  1014 | D        | Killed an iguana
  1015 | D        | Noticed a water moccasin
  1016 | D        | Noticed a boring beetle
  1021 | D        | Killed a yak
  1028 | D        | Killed a yak
  1037 | D        | Killed a griffon
  1037 | D        | Reached skill level 18 in Axes
  1038 | D        | Killed a giant frog
  1043 | D        | Killed an elephant
  1047 | D        | Killed a water moccasin
  1047 | D        | Reached skill level 19 in Axes
  1060 | D        | Killed a boring beetle
  1375 | D        | Noticed a wolf
  1375 | D        | Noticed a wolf
  1375 | D        | Noticed a hell hound
  1375 | D        | Noticed a warg
  1376 | D        | Noticed a hell hound
  1377 | D        | Killed a wolf
  1377 | D        | Reached XP level 10. HP: 97/101 MP: 10/10
  1378 | D        | Noticed a hell hound
  1378 | D        | Noticed a wolf
  1379 | D        | Noticed a wolf
  1381 | D        | Killed a hell hound
  1386 | D        | Killed a warg
  1389 | D        | Killed a hell hound
  1395 | D        | Killed a hell hound
  1396 | D        | Killed a wolf
  1397 | D        | Killed a wolf
  1403 | D        | Killed a wolf
  1501 | D        | Noticed Harold
  1518 | D        | Killed Harold
  1518 | D        | Reached skill level 20 in Axes
  1745 | D        | Noticed Gastronok
  1761 | D        | Killed Gastronok
  1761 | D        | Reached skill level 21 in Axes
  1789 | D        | Noticed an orc wizard
  1789 | D        | Noticed an orc priest
  1789 | D        | Noticed an orc warrior
  1791 | D        | Killed an orc wizard
  1792 | D        | Noticed an orc priest
  1795 | D        | Noticed an orc warrior
  1797 | D        | Noticed an orc priest
  1797 | D        | Killed an orc warrior
  1798 | D        | Killed an orc priest
  2424 | D        | Noticed an orc warrior
  2424 | D        | Noticed an orc warrior
  2424 | D        | Noticed an orc warrior
  2424 | D        | Noticed an orc warrior
  2424 | D        | Noticed an orc sorcerer
  2424 | D        | Noticed an orc knight
  2424 | D        | Noticed an orc high priest
  2427 | D        | Killed an orc sorcerer
  2427 | D        | Reached skill level 15 in Fighting
  2428 | D        | Killed an orc warrior
  2430 | D        | Killed an orc warrior
  2431 | D        | Noticed an orc warrior
  2431 | D        | an orc warrior (ally) was killed
  2432 | D        | Noticed an orc warrior
  2433 | D        | Noticed an orc warrior
  2434 | D        | Killed an orc warrior
  2437 | D        | Noticed an orc knight
  2439 | D        | Noticed an orc warrior
  2439 | D        | Killed an orc knight
  2439 | D        | Reached XP level 11. HP: 43/112 MP: 11/11
  2444 | D        | an orc warrior (ally) was killed
  2445 | D        | Killed an orc high priest
  2451 | D        | an orc warrior (ally) was killed
  2455 | D        | Killed an orc knight
  2455 | D        | Reached skill level 22 in Axes
  2459 | D        | Killed an orc warrior
  2759 | D        | Found Hoggyxt's Weapon Emporium.
  2759 | D        | Noticed an orc high priest
  2759 | D        | Noticed an orc priest
  2759 | D        | Noticed an orc high priest
  2759 | D        | Noticed an orc priest
  2759 | D        | Noticed an orc high priest
  2759 | D        | Noticed an orc priest
  2766 | D        | Killed an orc high priest
  2767 | D        | Found Fruteim's Magic Scroll Shoppe.
  2767 | D        | Noticed an orc high priest
  2768 | D        | Noticed an orc priest
  2768 | D        | an orc priest (ally) was killed
  2769 | D        | Found Smiqap's Antique Weapon Emporium.
  2772 | D        | an orc priest (ally) was killed
  2776 | D        | an orc priest (ally) was killed
  2777 | D        | Killed an orc high priest
  2779 | D        | Noticed an ice devil
  2781 | D        | Noticed an ice devil
  2782 | D        | Killed an orc high priest
  2784 | D        | Found Ghidoith's Antique Weapon Shoppe.
  2785 | D        | Killed an orc priest
  2786 | D        | Noticed an orc priest
  2791 | D        | Noticed an orc high priest
  2791 | D        | HP: 2/114 [ice devil[an orc high priest] (31)]
  2794 | D        | Killed an ice devil
  2796 | D        | an orc priest (ally) was killed
  2803 | D        | Noticed an orc high priest
  2805 | D        | Killed an orc high priest
  2805 | D        | Reached skill level 15 in Armour
  2806 | D        | Noticed an orc high priest
  2811 | D        | Noticed a soul eater
  2814 | D        | Killed an orc high priest
  2814 | D        | Reached skill level 23 in Axes
  2816 | D        | Noticed an orc high priest
  2818 | D        | Noticed a soul eater
  2832 | D        | Noticed an ice devil
  2832 | D        | HP: 5/115 [ufetubus[an orc high priest] (4)]
  2832 | D        | Killed from afar by an orc high priest

Action                   |  1- 3 |  4- 6 |  7- 9 | 10-12 || total
-------------------------+-------+-------+-------+-------++-------
Melee: War axe           |    31 |    48 |    91 |    73 ||   243
       Battleaxe         |       |       |       |    55 ||    55
Invok: Convert to Beogh  |     1 |       |       |       ||     1
  Use: Potion            |       |     4 |       |    11 ||    15
 Stab: Invisible         |       |       |     1 |       ||     1
       Distracted        |       |       |       |     1 ||     1
